 Dungeon Crawl Stone Soup version 0.18-a0-5-gf1fb587 (webtiles) character file.

7198 radek the Infuser (level 10, -1/57 HPs)
             Began as a Deep Elf Conjurer on Oct 31, 2015.
             Was a Believer of Vehumet.
             Incinerated by a salamander stormcaller (4 damage)
             ... with a sticky flame
             ... on level 9 of the Dungeon.
             The game lasted 00:53:58 (11439 turns).

radek the Infuser (Deep Elf Conjurer)              Turns: 11439, Time: 00:53:58

Health: -1/57      AC:  4    Str:  6    XL:     10   Next: 87%
Magic:  17/26      EV: 23    Int: 23    God:    Vehumet [**....]
Gold:   662        SH:  0    Dex: 20    Spells: 2 memorised, 24 levels left

rFire  . . .     SeeInvis .     g - +2 hand axe (distort)
rCold  . . .     Clarity  .     M - +0 robe
rNeg   . . .     SustAt   .     (no shield)
rPois  .         Gourm    .     (no helmet)
rElec  .         Spirit   .     (no cloak)
rCorr  .         Warding  .     I - +1 pair of gloves
rMut   .         Stasis   .     (no boots)
MR     ++...                    K - amulet of regeneration
Stlth  ++........               U - ring of protection from magic
                                P - +3 ring of slaying

@: agile, liquid flames, very slightly contaminated, hasted, glowing, very
quick, very resistant to hostile enchantments, unstealthy
A: regeneration 2, no device heal 1
a: Renounce Religion


You were on level 9 of the Dungeon.
You worshipped Vehumet.
Vehumet was pleased with you.
You were not hungry.

You visited 2 branches of the dungeon, and saw 10 of its levels.

You collected 662 gold pieces.

Inventory:

Hand Weapons
 g - a +2 hand axe of distortion (weapon)
 m - a cursed -2 dagger
 L - a +2 scimitar of flaming
 O - the +9 hand crossbow of the Thing {velocity, *Contam rN++, unknown}
   (You took it off a gnoll sergeant on level 8 of the Dungeon)

   Any bolt fired from it inflicts extra damage.
   It greatly protects you from negative energy.
   It causes magical contamination when unequipped.
 R - a +1 battleaxe
 S - a +1 mace of freezing
Armour
 a - a +0 robe
 s - a +0 robe
 I - a +1 pair of gloves (worn)
 M - a +0 robe (worn)
Jewellery
 u - an uncursed ring of poison resistance
 v - a +3 ring of evasion
 z - an uncursed ring of see invisible
 D - an uncursed amulet of faith
 E - an uncursed ring of teleportation
 K - an amulet of regeneration (around neck)
 P - a +3 ring of slaying (left hand)
 Q - an uncursed amulet of guardian spirit
 U - a ring of protection from magic (right hand)
Wands
 w - a wand of fireball (15)
 A - a wand of cold (7)
 C - a wand of teleportation (6)
 G - a wand of flame (32)
Scrolls
 e - a scroll of teleportation
 h - 4 scrolls of fog
 i - a scroll of enchant armour
 j - 2 scrolls of blinking
 k - 5 scrolls of remove curse
 l - 5 scrolls of identify
 t - a scroll of recharging
 F - a scroll of summoning
 H - a scroll of fear
Potions
 d - a potion of agility
 n - 3 potions of flight
 o - a potion of haste
 p - a potion of might {unknown}
 q - 2 potions of cancellation {unknown}
 B - 2 potions of mutation
 J - a potion of ambrosia {unknown}
 N - 3 potions of heal wounds {unknown}
 T - a potion of degeneration {unknown}
 X - a potion of lignification {unknown}
Books
 b - a book of Conjurations

   Spells                             Type                      Level
   a - Magic Dart                     Conjuration                  1
   b - Searing Ray                    Conjuration                  2
   c - Dazzling Spray                 Conjuration/Hexes            3
   d - Fulminant Prism                Conjuration/Hexes            4
   e - Iskenderun's Mystic Blast      Conjuration                  4
   f - Iskenderun's Battlesphere      Conjuration/Charms           5
 y - a book of the Warp

   Spells                             Type                      Level
   a - Recall                         Summoning/Translocation      3
   b - Gell's Gravitas                Hexes/Translocation          3
   c - Force Lance                    Conjuration/Translocation    4
   d - Phase Shift                    Translocation                5
   e - Warp Weapon                    Charms/Translocation         5
   f - Summon Forest                  Summoning/Translocation      5
 V - the Reference Book on Ghastly Companions
   (You found it on level 9 of the Dungeon)

   Spells                             Type                      Level
   a - Summon Small Mammal            Summoning                    1
   b - Sublimation of Blood           Necromancy                   2
   c - Recall                         Summoning/Translocation      3
   d - Excruciating Wounds            Charms/Necromancy            5
   e - Dragon's Call                  Summoning                    9
Comestibles
 c - 6 bread rations
 f - 3 slices of pizza
 x - 9 fruits


   Skills:
 + Level 4.2 Fighting
 + Level 4.2 Armour
 + Level 7.0 Dodging
 - Level 2.4 Stealth
 * Level 10.5 Spellcasting
 + Level 9.4 Conjurations
 + Level 12.1 Charms


You had 24 spell levels left.
You knew the following spells:

 Your Spells              Type           Power        Failure   Level  Hunger
a - Magic Dart            Conj           ####         1%          1    None
b - Iskenderun's Battles  Conj/Chrm      ######..     1%          5    ####...


Dungeon Overview and Level Annotations

Branches:
Dungeon (9/15)             Temple (1/1) D:5            Lair (0/8) D:8
    Orc: D:9-12

Altars:
Ashenzari
Cheibriados
Dithmenos
Elyvilon
Fedhas
Gozag
Kikubaaqudgha
Makhleb
Nemelex Xobeh
Okawaru
Qazlal
Ru
Sif Muna
Trog
Vehumet
Xom
Yredelemnul
Zin
The Shining One

Shops:
D:7 }

Annotations:
D:9 exclusion: salamander stormcaller


Innate Abilities, Weirdness & Mutations

You heal very quickly.
Potions and wands are less effective at restoring your health.


Message History

You feel better.
You are covered in liquid flames!
* * * LOW HITPOINT WARNING * * *
Drink which item? (? for menu, Esc to quit)
You feel better.
You are covered in liquid flames!
* * * LOW HITPOINT WARNING * * *
Press: ? - help, v - describe, . - travel The floor.
Drink which item? (? for menu, Esc to quit)
It was a potion of haste.
You feel yourself speed up.
You are covered in liquid flames!
* * * LOW HITPOINT WARNING * * *
You are very lightly contaminated with residual magic.
Drink which item? (? for menu, Esc to quit)
It was a potion of mutation.
You feel extremely strange.
You begin to heal more quickly. x2
Your system partially rejects artificial healing.
You are covered in liquid flames!
You die...

..........#### .
..##.....# .
...##.....# .
..........# .
.#....#...#### .....
......#......# (....
......#..###.# .....
..... #......###
............ #..@#....#
...#....######.*.####.#
...).... ...........#.#
##...... .......###.#.#
##...... ....)..# #.#.#
....... .......#
#.#.### ...#.. ....#..#
#.....# ...# ....#..
####### ...# ... #..


There were no monsters in sight!

Vanquished Creatures
  A salamander stormcaller (D:9)
  Erica (D:8)
  An ugly thing (D:9)
  2 manticores (D:9)
  An elephant (D:8)
  The ghost of st0uf the Skirmisher, an amateur NaFi (D:6)
  The ghost of Goblin1989 the Twirler, an amateur GrGl (D:5)
  5 yaks
  A wraith (D:9)
  5 sky beasts
  2 phantoms
  A centaur (D:9)
  2 ogres
  A big kobold (D:9)
  3 giant frogs
  Blork the orc (D:5)
  A gnoll sergeant (D:8)
  A wyvern skeleton (D:7)
  4 scorpions
  8 wights (D:8)
  2 crimson imps
  A wasp zombie (D:9)
  A quasit (D:8)
  3 orc priests
  4 orc wizards
  5 hounds
  A centaur skeleton (D:9)
  4 giant frog skeletons
  4 iguanas
  6 worker ants
  2 sheep (D:8)
  2 hound skeletons (D:8)
  A worker ant zombie (D:5)
  7 gnolls
  5 adders
  2 shadow imps (D:8)
  2 oozes (D:2)
  An adder zombie (D:5)
  2 adder skeletons
  6 worms
  7 giant geckos
  20 orcs
  3 ball pythons
  8 bats
  7 giant cockroaches
  12 goblins
  6 hobgoblins
  19 jackals
  3 quokkas
  7 giant newts
  8 kobolds
  A quokka zombie (D:7)
  6 rats
211 creatures vanquished.

Notes
Turn   | Place    | Note
--------------------------------------------------------------
     0 | D:1      | radek the Deep Elf Conjurer began the quest for the Orb.
     0 | D:1      | Reached XP level 1. HP: 10/10 MP: 6/6
   322 | D:1      | Reached XP level 2. HP: 15/15 MP: 6/8
   429 | D:1      | Reached skill level 5 in Conjurations
  1097 | D:2      | Reached XP level 3. HP: 19/19 MP: 2/9
  1697 | D:2      | Reached skill level 6 in Conjurations
  1836 | D:2      | Reached XP level 4. HP: 20/24 MP: 5/10
  3110 | D:3      | Reached skill level 7 in Conjurations
  3110 | D:3      | Reached XP level 5. HP: 28/28 MP: 2/11
  3218 | D:3      | Learned a level 5 spell: Iskenderun's Battlesphere
  3555 | D:3      | Reached skill level 1 in Charms
  4126 | D:4      | Noticed a phantom
  4138 | D:4      | Killed a phantom
  4138 | D:4      | Reached skill level 5 in Charms
  4138 | D:4      | Reached XP level 6. HP: 27/32 MP: 1/12
  5143 | D:5      | Entered Level 5 of the Dungeon
  5174 | D:5      | Found a staircase to the Ecumenical Temple.
  5727 | D:5      | Reached XP level 7. HP: 36/36 MP: 3/13
  5783 | D:5      | Reached skill level 8 in Charms
  5982 | D:5      | Noticed Goblin1989's ghost (amateur GrGl)
  6010 | D:5      | Killed Goblin1989's ghost
  6010 | D:5      | Reached skill level 9 in Charms
  6132 | D:5      | Noticed Blork the orc
  6136 | D:5      | Killed Blork the orc
  6491 | D:6      | Noticed st0uf's ghost (amateur NaFi)
  6598 | Temple   | Entered the Ecumenical Temple
  6609 | Temple   | Became a worshipper of Vehumet
  6824 | D:5      | HP: 1/37 [poisoned by a worker ant]
  7134 | D:5      | Reached skill level 10 in Charms
  7134 | D:5      | Reached XP level 8. HP: 42/42 MP: 6/15
  7136 | D:5      | Reached skill level 1 in Fighting
  7234 | D:6      | Killed st0uf's ghost
  7234 | D:6      | Reached skill level 1 in Armour
  7442 | D:6      | Reached skill level 5 in Spellcasting
  7887 | D:6      | Found a deep blue altar of Sif Muna.
  8628 | D:7      | Found Ihextusaty's Gadget Shoppe.
  8651 | D:7      | Reached XP level 9. HP: 41/48 MP: 10/20
  8866 | D:7      | Reached * piety under Vehumet
  8866 | D:7      | Offered knowledge of Sting by Vehumet.
  9317 | D:8      | Noticed Erica
  9326 | D:8      | Killed Erica
  9326 | D:8      | Reached skill level 5 in Dodging
  9326 | D:8      | Reached skill level 11 in Charms
  9411 | D:8      | Found a shattered altar of Ashenzari.
  9821 | D:8      | Found a staircase to the Lair.
  9927 | D:8      | Got a shimmering hand crossbow
 10067 | D:8      | Found an opulent altar of Gozag.
 10072 | D:8      | Found a burning altar of Makhleb.
 10167 | D:8      | Noticed an elephant
 10175 | D:8      | Killed an elephant
 10175 | D:8      | Reached XP level 10. HP: 47/56 MP: 7/24
 10416 | D:8      | Reached ** piety under Vehumet
 10416 | D:8      | Offered knowledge of Freeze by Vehumet.
 10840 | D:9      | Noticed a white ugly thing
 10842 | D:9      | Noticed a manticore
 10846 | D:9      | Killed a manticore
 10854 | D:9      | Killed a white ugly thing
 11075 | D:9      | Identified the Reference Book on Ghastly Companions
 11307 | D:9      | Noticed a manticore
 11316 | D:9      | Killed a manticore
 11316 | D:9      | Reached skill level 10 in Spellcasting
 11422 | D:9      | Noticed a salamander stormcaller
 11431 | D:9      | Killed a salamander stormcaller
 11431 | D:9      | Reached skill level 12 in Charms
 11434 | D:9      | HP: 2/57 [burnt (6)]
 11439 | D:9      | Gained mutation: Your natural rate of healing is unusually fast. [potion of mutation]
 11439 | D:9      | Gained mutation: You heal very quickly. [potion of mutation]
 11439 | D:9      | Gained mutation: Potions and wands are less effective at restoring your health. [potion of mutation]
 11439 | D:9      | Incinerated by a salamander stormcaller

Vault maps used:
D:1:      dpeg_cavernosity, kennysheep_pointless_box
D:2:      first_bread, serial_corexii_hall, corexii_hall_statues_x,
          corexii_hall_statues_deadend, grunt_decor_mini_mirrors
D:3:      minmay_misc_feat_more_columns
D:5:      minmay_temple_entry_glassed_door, uniq_blork_the_orc
D:6:      lemuel_coloured_pillars_altar, enter_ossuary_5
D:7:      serial_shops, kennysheep_little_box
D:8:      minitemple, david_lair_generic, cheibrodos_ashenzari_chains,
          uniq_erica
D:9:      minmay_cut_squares
Temple:   lightli_temple_of_artemis

Action                   |  1- 3 |  4- 6 |  7- 9 | 10-12 || total
-------------------------+-------+-------+-------+-------++-------
Melee: Hand axe          |     6 |     6 |     6 |       ||    18
 Cast: Magic Dart        |    77 |   161 |   224 |    85 ||   547
       Iskenderun's Batt |       |     4 |    30 |    16 ||    50
  Use: Scroll            |       |     7 |     9 |     1 ||    17
       Potion            |       |       |       |     6 ||     6
  Eat: Chunk             |     3 |     3 |    15 |     3 ||    24
       Meat ration       |       |     2 |     2 |       ||     4
       Beef jerky        |       |       |     1 |       ||     1
